 Dungeon Crawl Stone Soup version 0.27-a0-789-g6bb3289e1e (webtiles) character file.

Game seed: 16265517865261415518

574 robertstho the Magician (level 7, -7/49 HPs)
             Began as a Djinni Fire Elementalist on Mar 26, 2021.
             Mangled by an ogre
             ... wielding a +0 giant club
              (21 damage)
             ... on level 5 of the Dungeon.
             The game lasted 00:06:42 (5211 turns).

robertstho the Magician (Djinni Fire Elementalist)  Turns: 5211, Time: 00:06:42

Health: -7/49      AC:  4    Str:  7    XL:     7   Next: 34%
Gold:   227        EV: 12    Int: 18    God:
                   SH:  0    Dex: 14

rFire    + + .     SeeInvis +   l - +0 spear (venom)
rCold    x . .     Faith    .   (no shield)
rNeg     . . .     Spirit   .   a - +0 robe
rPois    ∞         Reflect  .   (no helmet)
rElec    .         Harm     .   k - +1 cloak {Will+}
rCorr    .         Rampage  .   (no gloves)
Will     +....                  (boots unavailable)
Stlth    ++........             (no amulet)
HPRegen  0.16/turn              h - ring of see invisible
MPRegen  0.00/turn              (no ring)

@: flying
A: fire resistance 2, cold vulnerability 1, float, innate caster, hp casting,
extra vitality 1
a: no special abilities


You were on level 5 of the Dungeon.
You visited 1 branch of the dungeon, and saw 5 of its levels.

You collected 227 gold pieces.

Inventory:

Hand Weapons
 e - a +0 short sword
 f - a +1 war axe
 l - a +0 spear of venom (weapon)
Armour
 a - a +0 robe (worn)
 k - a +1 cloak of willpower (worn)
Jewellery
 h - a ring of see invisible (right hand)
 m - a ring of protection from fire
Scrolls
 n - a scroll of silence {unknown}
 o - a scroll of amnesia {unknown}
Potions
 b - a potion of mutation {unknown}
 c - a potion of haste {unknown}
 d - a potion of brilliance {unknown}
 g - a potion of heal wounds {unknown}
 i - 2 potions of might {unknown}
 j - a potion of lignification {unknown}


   Skills:
 * Level 2.3 Fighting
 + Level 0.3 Axes
 + Level 2.8 Dodging
 - Level 1.5 Stealth
 * Level 6.4 Spellcasting


You couldn't memorise any spells.
You knew the following spells:

 Your Spells              Type           Power      Damage    Failure   Level
a - Foxfire               Conj/Fire      100%       2x1d9     1%          1
b - Conjure Flame         Conj/Fire      28%        6-21      2%          3
c - Inner Flame           Hex/Fire       28%        N/A       2%          3
d - Sticky Flame          Conj/Fire      28%        2d5       9%          4
e - Fireball              Conj/Fire      14%        3d8       22%         5
f - Animate Skeleton      Necr           56%        N/A       1%          1
g - Searing Ray           Conj           56%        3d5       1%          2
h - Call Imp              Summ           28%        N/A       1%          2
Your spell library was empty.

Dungeon Overview and Level Annotations

Branches:
Dungeon (5/15)
 Temple: D:4-7

Altars:
Nemelex Xobeh
Ru
Uskayaw
Vehumet
Zin

Shops:
D:4 [


Innate Abilities, Weirdness & Mutations

You are immune to poison.
Your flesh is very heat resistant. (rF++)
You are vulnerable to cold. (rC-)
You float through the air rather than walking.
You learn spells naturally, not from books.
Your magical power is your life essence.
You have superior vitality. (+4 HP)


Message History

The white imp is severely wounded.
The searing ray hits the white imp!
You kill the white imp!
HP restored.
You now have 227 gold pieces (gained 7).
i - 2 fizzy red potions (gained 1)
An ogre comes into view. It is wielding a +0 giant club.
Found a stone staircase leading down.
An ogre is nearby!
An ogre is nearby!
An ogre is nearby!
Found a pair of gloves.
Casting: Searing Ray (safe; 1% risk of failure)
Confirm with . or Enter, or press ? or * to list all spells.
The fire begins to smolder!
The ogre shouts!
You smother the flame.
Casting: Conjure Flame (dangerous; 2% risk of failure)
Confirm with . or Enter, or press ? or * to list all spells.
The fire begins to smolder!
The ogre barely misses you.
An adder comes into view.
You smother the flame.
Unknown command.
The adder hisses angrily.
The ogre hits you with a +0 giant club.
Casting: Conjure Flame (dangerous; 2% risk of failure)
Confirm with . or Enter, or press ? or * to list all spells.
Aiming: Searing Ray (safe; 1% risk of failure)
Press: ? - help, Shift-Dir - straight line, f - ogre
Aim: an ogre, wielding a +0 giant club (10% to evade)
The searing ray hits the ogre!
The ogre is moderately wounded. (Press . to maintain the ray.)
The ogre hits you with a +0 giant club!!
The searing ray hits the ogre!
The ogre is severely wounded.
* * * LOW HITPOINT WARNING * * *
The ogre hits you with a +0 giant club!!
You die...

#.....# #.
#.....############...
#<.................#
#.....#######......#
#.....# ###..####...
####### #...## # #
##.###
..>.#####..######
#S..O@........#
........#######..#
[########


You could see an ogre and an adder.

Vanquished Creatures
  The ghost of Darkuwa the Magician, an amateur OpWz of Sif Muna (D:4)
  An ogre (D:4)
  A bullfrog (D:4)
  A scorpion (D:4)
  A hound (D:4)
  2 iguanas (D:4)
  A hound skeleton (D:4)
  3 gnolls (D:3)
  3 adders
  A river rat (D:4)
  A white imp (D:5)
  An ufetubus (D:4)
  A worm (D:2)
  2 dart slugs
  5 bats
  6 endoplasms
  4 giant cockroaches
  9 hobgoblins
  14 jackals
  3 quokkas
  4 ball pythons
  4 frilled lizards
  6 goblins
  12 kobolds
  6 rats
93 creatures vanquished.

Vanquished Creatures (others)
  242 foxfires
242 creatures vanquished.

Grand Total: 335 creatures vanquished

Notes
Turn   | Place    | Note
-------+----------+-------------------------------------------
     0 | D:1      | robertstho the Djinni Fire Elementalist began the quest for
                  | the Orb.
     0 | D:1      | Reached XP level 1. HP: 15/15 MP: 0/0
   238 | D:1      | Reached skill level 3 in Spellcasting
   238 | D:1      | Reached XP level 2. HP: 21/22 MP: 0/0
   883 | D:1      | Reached XP level 3. HP: 24/26 MP: 0/0
   883 | D:1      | Learned a level 1 spell: Animate Skeleton
  2065 | D:2      | Reached skill level 4 in Spellcasting
  2065 | D:2      | Reached XP level 4. HP: 28/31 MP: 0/0
  2257 | D:3      | Reached skill level 1 in Fighting
  2958 | D:3      | Found a hide-covered altar of Uskayaw.
  2960 | D:3      | Found a sparkling altar of Nemelex Xobeh.
  2990 | D:3      | Reached XP level 5. HP: 35/37 MP: 0/0
  2990 | D:3      | Learned a level 2 spell: Searing Ray
  3094 | D:3      | Found a sacrificial altar of Ru.
  3094 | D:3      | Found a glowing silver altar of Zin.
  3652 | D:4      | Found a runed translucent door.
  3656 | D:4      | Noticed Darkuwa's ghost (amateur OpWz)
  4085 | D:4      | Found Ufuzudgh's Armour Emporium.
  4157 | D:4      | Noticed an ogre
  4168 | D:4      | Killed an ogre
  4169 | D:4      | Reached skill level 5 in Spellcasting
  4169 | D:4      | Reached XP level 6. HP: 27/43 MP: 0/0
  4483 | D:4      | HP: 2/43 [iguana (11)]
  4820 | D:4      | Found a runed translucent door.
  4896 | D:4      | Reached skill level 6 in Spellcasting
  4896 | D:4      | Reached XP level 7. HP: 23/49 MP: 0/0
  4896 | D:4      | Learned a level 2 spell: Call Imp
  4897 | D:4      | Killed Darkuwa's ghost
  5153 | D:5      | Entered Level 5 of the Dungeon
  5211 | D:5      | Mangled by an ogre

Illustrated notes

Levels and vault maps discovered:
D:1:      dpeg_arrival_rooms_with_view, layout_loops_ring,
          grunt_decor_one_mirror, minmay_cupped
D:2:      layout_rooms
D:3:      layout_loops_corners, nicolae_overflow_hidden_temple
D:4:      layout_basic, ebering_ghost_sewer_f, serial_shops,
          kennysheep_little_box
D:5:      layout_rooms

Skill      XL: |  1  2  3  4  5  6 |
---------------+-------------------+-----
Spellcasting   | 3 4 5 6 |  6.4
Fighting       | 1 2 |  2.3
Axes           | |  0.3
Dodging        | |  2.8
Stealth        | |  1.5

Action                   |  1- 3 |  4- 6 |  7- 9 || total
-------------------------+-------+-------+-------++-------
Melee: War axe           |       |     3 |       ||     3
 Cast: Foxfire           |    81 |    59 |       ||   140
       Sticky Flame      |       |     1 |       ||     1
       Searing Ray       |       |     5 |     4 ||     9
       Conjure Flame     |       |       |     3 ||     3
  Use: Scroll            |       |     2 |       ||     2
       Potion            |       |     1 |       ||     1
Armor: Robe              |     4 |     4 |     1 ||     9
Dodge: Dodged            |     9 |    24 |     1 ||    34

Table legend: (Time is in decaauts)
 A = Elapsed time spent in this place.
 B = Non-inter-level travel time spent in this place.
 C = Inter-level travel time spent in this place.
 D = Time resting spent in this place.
 E = Time spent auto-exploring this place.
 F = Levels seen in this place.
 G = Mean time per level.
                   A        B        C        D        E       F      G
               +--------+--------+--------+--------+--------+-----+--------+
         Total |   5210 |   4982 |    228 |    258 |   4164 |   5 | 1042.0 |
       Dungeon |   5210 |   4982 |    228 |    258 |   4164 |   5 | 1042.0 |
               +--------+--------+--------+--------+--------+-----+--------+

Top non-repeatable levels by time:
     D:4: 1643 daAuts
     D:1: 1567 daAuts
     D:3: 1260 daAuts
     D:2: 681 daAuts
     D:5: 57 daAuts
